 Dungeon Crawl Stone Soup version 0.27-a0-911-gfacc31910f (webtiles) character file.

Game seed: 16404576046782912624

65 DarkShadow the Shield-Bearer (level 3, -7/33 HPs)
             Began as a Minotaur Fighter on Apr 9, 2021.
             Killed by nerve-wracking pain
             ... invoked by Grinder
              (13 damage)
             ... on level 3 of the Dungeon.
             The game lasted 00:03:08 (1525 turns).

DarkShadow the Shield-Bearer (Minotaur Fighter)     Turns: 1525, Time: 00:03:09

Health: -7/33      AC:  7    Str: 21    XL:     3   Next: 92%
Magic:  2/2        EV:  7    Int:  5    God:
Gold:   64         SH:  9    Dex:  9    Spells: 2/2 levels left

rFire    . . .     SeeInvis .   a - +1 war axe
rCold    . . .     Faith    .   c - +0 kite shield
rNeg     . . .     Spirit   .   b - +0 scale mail
rPois    .         Reflect  .   (helmet restricted)
rElec    .         Harm     .   (no cloak)
rCorr    .         Rampage  .   (no gloves)
Will     .....                  (no boots)
Stlth    ..........             (no amulet)
HPRegen  0.11/turn              (no ring)
MPRegen  0.08/turn              (no ring)

@: mighty
A: horns 2, retaliatory headbutt
a: no special abilities


You were on level 3 of the Dungeon.
You visited 1 branch of the dungeon, and saw 3 of its levels.

You collected 64 gold pieces.

Inventory:

Hand Weapons
 a - a +1 war axe (weapon)
Armour
 b - a +0 scale mail (worn)
 c - a +0 kite shield (worn)
Scrolls
 e - a scroll of teleportation {unknown}
 h - a scroll of blinking
 j - a scroll of magic mapping
 k - a scroll of brand weapon {unknown}
 l - a scroll of acquirement {unknown}
Potions
 f - a potion of haste {unknown}
 g - 2 potions of curing
 i - a potion of brilliance


   Skills:
 + Level 4.3 Fighting
 + Level 3.1 Axes
 + Level 4.1 Armour
 + Level 0.6 Dodging
 + Level 4.3 Shields


You had 2 spell levels left.
You didn't know any spells.
Your spell library was empty.

Dungeon Overview and Level Annotations

Branches:
Dungeon (3/15)

Altars:

Shops:
D:2 ?

Annotations:
D:3 Grinder


Innate Abilities, Weirdness & Mutations

You have a pair of horns on your head.
You reflexively headbutt those who attack you in melee.


Message History

You can move again.
You slash the orc!
You kill the orc!
Grinder barely misses you.
Items here: )) [[ ††.
Grinder hits you.
You writhe in agony.
Things that are here:
a +0 war axe; a +0 leather armour; an orc corpse You hit Grinder.
Grinder is lightly wounded.
Grinder barely misses you. You furiously retaliate!
You headbutt Grinder, but do no damage. Grinder hits you but does no damage.
You slash Grinder!
Grinder is heavily wounded.
Grinder says, "FISH!"
You block Grinder's attack.
You hit Grinder but do no damage. You headbutt Grinder.
Grinder is heavily wounded.
You block Grinder's attack. Grinder hits you.
You writhe in agony.
* * * LOW HITPOINT WARNING * * *
Your shield and scale mail prevent you from hitting Grinder.
Your headbutt misses Grinder.
Grinder is heavily wounded.
Grinder hits you but does no damage. You block Grinder's attack.
You barely miss Grinder.
Grinder is heavily wounded.
Grinder hits you but does no damage.
You barely miss Grinder. Your headbutt misses Grinder.
Grinder is heavily wounded.
You block Grinder's attack. Grinder barely misses you.
You closely miss Grinder.
Grinder is heavily wounded.
You block Grinder's attack.
You feel very mighty all of a sudden. You block Grinder's attack.
Your scale mail prevents you from hitting Grinder.
Grinder is heavily wounded.
Grinder gestures at you. Pain shoots through your body!
You die...

......... ........#
........# ........#
........# ........#
##+######### ........#
#..........#
###+###5###..........#
#@)##..........#
##.............#
#.............+
#.............#
#........)....#
#.###'######### #.#
#.# #.# #.# #.# #)#


You could see Grinder.

Vanquished Creatures
  A gnoll (D:1)
  A worm (D:2)
  2 dart slugs (D:1)
  3 orcs (D:3)
  3 endoplasms
  2 giant cockroaches (D:1)
  5 goblins
  6 hobgoblins
  2 jackals (D:2)
  A quokka (D:1)
  A ball python (D:2)
  3 bats
  2 frilled lizards (D:1)
  4 kobolds
  5 rats (D:1)
41 creatures vanquished.

Notes
Turn   | Place    | Note
-------+----------+-------------------------------------------
     0 | D:1      | DarkShadow the Minotaur Fighter began the quest for the
                  | Orb.
     0 | D:1      | Reached XP level 1. HP: 19/19 MP: 0/0
   295 | D:1      | Reached XP level 2. HP: 25/27 MP: 1/1
   365 | D:1      | Found a faded altar of an unknown god.
   736 | D:1      | Reached XP level 3. HP: 33/33 MP: 2/2
   932 | D:1      | You fall into a shaft and drop 1 floor!
  1239 | D:2      | Found Bunlew's Magic Scroll Shop.
  1508 | D:3      | Noticed Grinder
  1509 | D:3      | Paralysed by Grinder for 5 turns
  1525 | D:3      | Killed from afar by Grinder

Illustrated notes

Levels and vault maps discovered:
D:1:      roderic_octagonal_star, layout_basic, ebering_ecumenical_altar_mist,
          grunt_decor_one_mirror, minmay_close_crescents
D:2:      minmay_skewed_foursquare, layout_loops_ring, serial_shops, shop
D:3:      layout_basic, uniq_grinder

Skill      XL: |  1  2  3 |
---------------+----------+-----
Shields        | 4 |  4.3
Armour         | 4 |  4.1
Fighting       | 4 |  4.3
Axes           | 3 |  3.1
Dodging        | |  0.6

Action                   || total
-------------------------++-------
Melee: War axe           ||    84
       Headbutt          ||    10
  Use: Scroll            ||     5
       Potion            ||     1
Armor: Scale mail        ||    44
Dodge: Dodged            ||    32
Block: Kite shield       ||    60

Table legend: (Time is in decaauts)
 A = Elapsed time spent in this place.
 B = Non-inter-level travel time spent in this place.
 C = Inter-level travel time spent in this place.
 D = Time resting spent in this place.
 E = Time spent auto-exploring this place.
 F = Levels seen in this place.
 G = Mean time per level.
                   A        B        C        D        E       F      G
               +--------+--------+--------+--------+--------+-----+--------+
         Total |   1572 |   1572 |      0 |      0 |   1152 |   3 |  524.0 |
       Dungeon |   1572 |   1572 |      0 |      0 |   1152 |   3 |  524.0 |
               +--------+--------+--------+--------+--------+-----+--------+

Top non-repeatable levels by time:
     D:1: 959 daAuts
     D:2: 487 daAuts
     D:3: 125 daAuts
